[Event "Titled Tuesday Blitz January 10 Late 2023"]
[White "Pham, Khoi"]
[Black "Kozak, Adam"]
[WhiteFideId "1054988"]
[BlackFideId "753246"]
[WhiteElo "2355"]
[BlackElo "2572"]
[Result "0-1"]
[Round "10"]
[TimeControl "180+2"]
[Date "2023.01.10"]
[WhiteClock "0:02:04"]
[BlackClock "0:02:11"]

1. d4 Nf6 2. c4 e6 3. Nc3 Bb4 4. Qc2 b6 5. e4 c5 6. d5 Qe7 7. e5 exd5 8. cxd5 Qxe5+ 9. Be2 Ba6 10. Nf3 Bxc3+ 11. bxc3 Qxe2+ 12. Qxe2+ Bxe2 13. Kxe2 Nxd5 14. c4 Nc7 15. Bf4 Ne6 16. Bd6 Nc6 17. Ne5 Nxe5 18. Bxe5 O-O-O 19. Rhd1 Rhe8 20. Kf1 d6 21. Bg3 Kc7 22. a4 a5 23. Rab1 Kc6 24. f3 Nd4 25. Bf2 Nf5 26. Rd3 Re6 27. g4 Ne7 28. Rbd1 g5 29. Bg3 f6 30. Rb3 Ng6 31. Rdb1 Rb8 32. Kf2 Ne5 33. Bxe5 Rxe5 34. Rd3 d5 35. cxd5+ Rxd5 36. Re3 Rbd8 37. Re6+ R8d6 38. Re8 Rd1 39. Rb2 R1d2+ 40. Rxd2 Rxd2+ 41. Kg3 Rd7 42. Re6+ Rd6 43. Re7 c4 44. Rxh7 c3 45. Rh8 Kc5 0-1


[Site "https://www.chess.com"]

[Event "Titled Tuesday Blitz January 10 Late 2023"]
[White "Solon, Nathan"]
[Black "Baskakov, Egor"]
[WhiteFideId "2017229"]
[BlackFideId "24197866"]
[WhiteElo "2306"]
[BlackElo "2215"]
[Result "0-1"]
[Round "10"]
[TimeControl "180+2"]
[Date "2023.01.10"]
[WhiteClock "0:00:14"]
[BlackClock "0:01:07"]

1. Nf3 Nf6 2. g3 e6 3. Bg2 d5 4. O-O Be7 5. c4 O-O 6. b3 b6 7. Bb2 Bb7 8. cxd5 exd5 9. d4 Ne4 10. Nc3 a6 11. Rc1 f5 12. Ne5 Bd6 13. Nxe4 dxe4 14. Qc2 Qe7 15. f3 exf3 16. Bxf3 Bxf3 17. Rxf3 Nd7 18. Rxf5 Nxe5 19. dxe5 Bc5+ 20. Kh1 Rxf5 21. Qxf5 Rf8 22. Qe4 Qe6 23. Rd1 Qh3 24. Qd5+ Kh8 25. Qg2 Qf5 26. e4 Qg4 27. Rd5 h6 28. h3 Qg5 29. h4 Qg4 30. Rd2 Rf3 31. e6 Rxg3 32. Qf1 Rg1+ 0-1


[Site "https://www.chess.com"]

[Event "Titled Tuesday Blitz January 10 Late 2023"]
[White "Makarian, Rudik"]
[Black "Fiorito, Joaquin"]
[WhiteFideId "44105681"]
[BlackFideId "180173"]
[WhiteElo "2545"]
[BlackElo "2405"]
[Result "1-0"]
[Round "10"]
[TimeControl "180+2"]
[Date "2023.01.10"]
[WhiteClock "0:00:05"]
[BlackClock "0:00:03"]

1. d3 d5 2. f4 Nf6 3. Nf3 c5 4. g3 Nc6 5. Bg2 Bf5 6. O-O e6 7. Nbd2 Be7 8. e3 O-O 9. b3 h6 10. Bb2 Rc8 11. Qe2 Nb4 12. Rfc1 a5 13. e4 Bh7 14. a3 Nc6 15. Ne5 Nd4 16. Qf2 Qb6 17. a4 Rfd8 18. Kh1 Nc6 19. Nxc6 Qxc6 20. e5 Nd7 21. Qe2 b5 22. axb5 Qxb5 23. c4 Qa6 24. Bc3 Qb7 25. Rxa5 Nb6 26. Rb5 Qc6 27. Ba5 Rb8 28. Nf1 Rd7 29. Ne3 Rdb7 30. Rxb6 Rxb6 31. Bxb6 Qxb6 32. cxd5 Qxb3 33. Be4 exd5 34. Nxd5 Bf8 35. Nc3 Rd8 36. Kg2 Qb4 37. Bxh7+ Kxh7 38. Qe4+ Qxe4+ 39. dxe4 Rd2+ 40. Kh3 Rd4 41. Kg4 Rc4 42. Kf3 Rb4 43. Rc2 Rb3 44. Ke2 c4 45. Nd5 Ra3 46. Ne3 c3 47. Nd5 Bc5 48. Kd3 Bg1 49. h3 Ra8 50. g4 Rd8 51. Rxc3 Ba7 52. Rc7 Bg1 53. Rxf7 Kg6 54. Rb7 Bh2 55. f5+ Kg5 56. Rxg7+ Kh4 57. e6 Kxh3 58. e7 Re8 59. f6 Be5 60. f7 Rxe7 61. f8=Q Rxg7 62. Qf3+ Kh4 63. Ne3 Rd7+ 64. Ke2 1-0


[Site "https://www.chess.com"]

[Event "Titled Tuesday Blitz January 10 Late 2023"]
[White "Kazakouski, Valery"]
[Black "Djokic, Mihailo"]
[WhiteFideId "13507443"]
[BlackFideId "976440"]
[WhiteElo "2539"]
[BlackElo "2192"]
[Result "1-0"]
[Round "10"]
[TimeControl "180+2"]
[Date "2023.01.10"]
[WhiteClock "0:01:04"]
[BlackClock "0:00:28"]

1. Nf3 Nf6 2. c4 g6 3. g3 Bg7 4. Bg2 O-O 5. O-O d6 6. d4 Nc6 7. Nc3 a6 8. d5 Na5 9. b3 c5 10. dxc6 Nxc6 11. Bb2 Bf5 12. Qc1 Rc8 13. Rd1 Re8 14. h3 Qa5 15. g4 Be6 16. Qg5 Qxg5 17. Nxg5 Bd7 18. Rac1 h5 19. gxh5 Nxh5 20. e3 b5 21. c5 Ne5 22. cxd6 b4 23. Nd5 Rxc1 24. Bxc1 exd6 25. Nxb4 a5 26. Nd5 Bc6 27. Ne4 Re6 28. Ba3 Bf8 29. Nec3 Kg7 30. Nc7 Re7 31. Bxd6 Bxg2 32. Kxg2 1-0


[Site "https://www.chess.com"]

[Event "Titled Tuesday Blitz January 10 Late 2023"]
[White "Filgueira, Hernan"]
[Black "Fernandez Guillen, Ernesto J."]
[WhiteFideId "101770"]
[BlackFideId "3512428"]
[WhiteElo "2283"]
[BlackElo "2477"]
[Result "0-1"]
[Round "10"]
[TimeControl "180+2"]
[Date "2023.01.10"]
[WhiteClock "0:00:05"]
[BlackClock "0:00:17"]

1. b3 Nf6 2. Bb2 e6 3. e3 b6 4. f4 Bb7 5. Nf3 Be7 6. Be2 O-O 7. O-O c5 8. a4 a6 9. Na3 d5 10. Ne5 Nc6 11. d3 Qc7 12. Bf3 Rad8 13. Qe2 Bd6 14. Nxc6 Bxc6 15. Bxf6 gxf6 16. g3 f5 17. c4 Be7 18. Rad1 Bf6 19. e4 Bd4+ 20. Kh1 dxe4 21. dxe4 fxe4 22. Bxe4 Qb7 23. Bxc6 Qxc6+ 24. Qg2 Qxg2+ 25. Kxg2 Rd6 26. Nc2 Rfd8 27. Kf3 Bc3 28. Ne3 Rd2 29. Rxd2 Rxd2 30. Rf2 Rd3 31. Ke2 Rd8 32. Kf3 Bb4 33. Rb2 Kg7 34. Ke2 f5 35. Nd1 Kf6 36. Nf2 h5 37. Nd3 Bc3 38. Rc2 Bd4 39. Rd2 Rh8 40. h4 Rg8 41. Kf3 Rg7 42. Re2 Rd7 43. Rd2 Bc3 44. Rd1 Rb7 45. Ke3 Bd4+ 46. Kf3 b5 47. cxb5 axb5 48. a5 b4 49. a6 Rb5 50. Rd2 Ra5 51. Rc2 Rxa6 52. Nxc5 Ra3 0-1


[Site "https://www.chess.com"]

[Event "Titled Tuesday Blitz January 10 Late 2023"]
[White "Yuan, Qingyu"]
[Black "Klose, Eli"]
[WhiteFideId "8609772"]
[BlackFideId "16242955"]
[WhiteElo "2373"]
[BlackElo "1519"]
[Result "1/2-1/2"]
[Round "10"]
[TimeControl "180+2"]
[Date "2023.01.10"]
[WhiteClock "0:00:06"]
[BlackClock "0:00:05"]

1. e4 e6 2. d4 d5 3. Nd2 Be7 4. Bd3 c5 5. dxc5 Nf6 6. Qe2 Nc6 7. Ngf3 O-O 8. O-O Bxc5 9. e5 Nd7 10. c3 Be7 11. Nb3 b6 12. Nbd4 Bb7 13. Re1 Nc5 14. Bc2 Nxd4 15. cxd4 Ba6 16. Qe3 Ne4 17. Bxe4 dxe4 18. Qxe4 Qd7 19. Be3 Bb7 20. Qg4 Rfc8 21. Rec1 Rxc1+ 22. Rxc1 Rc8 23. h4 Rxc1+ 24. Bxc1 Qc6 25. Bg5 Bf8 26. Qf4 h6 27. Bf6 gxf6 28. exf6 Qe4 29. Qg3+ Qg6 30. Qxg6+ fxg6 31. Ne5 Be4 32. f3 Bb1 33. a3 Bd6 34. f4 g5 35. fxg5 hxg5 36. hxg5 Bxe5 37. dxe5 Kf7 38. Kf2 Kg6 39. Kf3 Ba2 40. Kf4 Bd5 41. g3 Bc6 42. Kg4 Be8 43. Kf4 Bc6 44. Kg4 Be4 45. Kf4 Bc2 46. Ke3 Bf5 47. Kf4 Bc2 48. b4 Bd1 49. Ke3 Bg4 50. Kf4 Bd1 51. Ke3 Ba4 52. Kf4 Be8 53. Kg4 Bc6 54. Kf4 Bd7 55. Kg4 Be8 56. Kf4 Kh5 57. Kf3 Kxg5 58. g4 Bf7 59. Kg3 Be8 60. Kf3 Kg6 61. Kf4 Bc6 62. Kg3 Be8 63. Kf4 Kf7 64. Kg5 Bc6 65. Kh6 Be4 66. Kh5 Bg6+ 67. Kh6 Bd3 68. g5 Bg6 69. b5 Bd3 70. a4 Bc2 71. Kh5 Bd3 72. Kh6 Bg6 73. a5 Bd3 74. axb6 axb6 75. Kh5 Bxb5 76. g6+ Kf8 77. Kg5 Bd3 78. g7+ Kf7 79. Kf4 b5 80. Ke3 Bc4 81. Kd4 Bd5 82. Kc3 Bc4 83. Kb4 Kg8 84. Kc5 Kf7 85. Kb4 Bd3 86. Kc5 Bc4 87. Kd4 Kg8 88. Kc3 Kf7 89. Kb4 1/2-1/2


[Site "https://www.chess.com"]

[Event "Titled Tuesday Blitz January 10 Late 2023"]
[White "Maksimovic, Bojan"]
[Black "Sielecki, Christof"]
[WhiteFideId "14408120"]
[BlackFideId "4620437"]
[WhiteElo "2486"]
[BlackElo "2419"]
[Result "1-0"]
[Round "10"]
[TimeControl "180+2"]
[Date "2023.01.10"]
[WhiteClock "0:00:04"]
[BlackClock "0:00:02"]

1. e4 c5 2. Nf3 a6 3. c3 d5 4. exd5 Qxd5 5. d4 e6 6. Be3 Nd7 7. c4 Qc6 8. d5 exd5 9. cxd5 Qc7 10. Nc3 Ngf6 11. a4 b6 12. Bc4 Bd6 13. O-O O-O 14. h3 Re8 15. Re1 Bb7 16. Qc2 Re7 17. Bg5 Rae8 18. Rxe7 Rxe7 19. Qd3 Qc8 20. Rd1 h6 21. Bc1 Ne5 22. Nxe5 Bxe5 23. Be3 Bd6 24. b3 Qa8 25. Bc1 Rd7 26. Qf5 Qe8 27. Bf4 Qd8 28. Bxd6 Rxd6 29. Qe5 Kf8 30. Rd3 Qe7 31. Qxe7+ Kxe7 32. g4 g5 33. Kg2 Kf8 34. Kg3 h5 35. f4 gxf4+ 36. Kxf4 hxg4 37. hxg4 Ne8 38. Rh3 Rg6 39. Rh8+ Ke7 40. Ne4 Nd6 41. Nxd6 Rxd6 42. Rb8 Bxd5 43. Bxd5 Rxd5 44. Rxb6 Rd3 45. a5 f6 46. Kf5 Rf3+ 47. Ke4 Rc3 48. Kd5 Rg3 49. Kxc5 Rxg4 50. Rxa6 f5 51. Ra8 f4 52. a6 f3 53. a7 Rg5+ 54. Kb4 Rg4+ 55. Kc3 f2 56. Re8+ Kf7 57. Rf8+ Kxf8 58. a8=Q+ Kg7 59. Qf3 1-0


[Site "https://www.chess.com"]

[Event "Titled Tuesday Blitz January 10 Late 2023"]
[White "Nazari, Arad"]
[Black "Taghizadeh, Rayan"]
[WhiteFideId "12577324"]
[BlackFideId "2054019"]
[WhiteElo "2367"]
[BlackElo "2273"]
[Result "1-0"]
[Round "10"]
[TimeControl "180+2"]
[Date "2023.01.10"]
[WhiteClock "0:00:08"]
[BlackClock "0:00:05"]

1. e4 c5 2. Nf3 e6 3. b3 Nf6 4. e5 Nd5 5. c4 Nc7 6. Bb2 Nc6 7. Bd3 d6 8. exd6 Qxd6 9. Qe2 Nb4 10. Ne5 Nxd3+ 11. Nxd3 f6 12. Nc3 Be7 13. Ne4 Qc6 14. Nexc5 O-O 15. Qe4 Qd6 16. O-O b6 17. Na4 Rd8 18. Nf4 Bd7 19. d4 Bc6 20. Qe3 Re8 21. Nc3 Rad8 22. Rad1 e5 23. dxe5 Qxe5 24. Qxe5 fxe5 25. Nfd5 Nxd5 26. Nxd5 Bc5 27. Rfe1 e4 28. Re2 b5 29. Bd4 Bxd5 30. Bxc5 Bxc4 31. Red2 Rxd2 32. Rxd2 Bd3 33. Bxa7 Rc8 34. h3 Rc1+ 35. Kh2 Kf7 36. Kg3 g6 37. Bd4 Ke6 38. Be3 Rb1 39. Kf4 Rg1 40. g3 h6 41. h4 Rf1 42. Kg4 h5+ 43. Kg5 Kf7 44. Rb2 Rb1 45. Rxb1 Bxb1 46. a4 b4 47. a5 Bc2 48. Bc5 Bxb3 49. a6 Bc4 50. a7 Bd5 51. Bxb4 Ba8 52. Bc5 Bb7 53. Bd4 Ba8 54. Bc3 Bb7 55. Kf4 Ke6 56. Bd2 Ba8 57. Bb4 Bb7 58. Ke3 Ke5 59. Bc3+ Kd5 60. Kf4 Ke6 61. Bd2 Bc6 62. Bb4 Bb7 63. Ke3 Kd5 64. Ba5 Bc6 65. Bc7 Bb7 66. Kd2 Kc6 67. Bb8 Kd5 68. Ke3 Ke6 69. Kf4 Kf6 70. Bc7 Ke6 71. Bd8 Kf7 72. Kg5 Ke6 73. Kxg6 e3 74. fxe3 1-0


[Site "https://www.chess.com"]

[Event "Titled Tuesday Blitz January 10 Late 2023"]
[White "Petukhov, Dmitry"]
[Black "Djordjevic, Vuk"]
[WhiteFideId "4142748"]
[BlackFideId "902098"]
[WhiteElo "2350"]
[BlackElo "2375"]
[Result "1-0"]
[Round "10"]
[TimeControl "180+2"]
[Date "2023.01.10"]
[WhiteClock "0:00:15"]
[BlackClock "0:00:02"]

1. e4 e6 2. d4 d5 3. e5 c5 4. c3 Nc6 5. Nf3 Qb6 6. a3 Nh6 7. b4 cxd4 8. cxd4 Nf5 9. Be3 Nxe3 10. fxe3 f6 11. exf6 gxf6 12. Bd3 Bh6 13. Qe2 O-O 14. O-O Qc7 15. Kh1 a6 16. Nc3 Qg7 17. e4 dxe4 18. Nxe4 b6 19. Rac1 Ne7 20. Rc7 Bf4 21. Rc2 Nd5 22. g3 Bb8 23. Nh4 Bb7 24. Kg1 Bc7 25. Nc3 Rae8 26. Be4 f5 27. Nxd5 exd5 28. Nxf5 Qd7 29. Qg4+ Kh8 30. Bd3 Bd8 31. Rcf2 Bf6 32. Kh1 Rd8 33. Qh5 Bc8 34. Nd6 1-0


[Site "https://www.chess.com"]

[Event "Titled Tuesday Blitz January 10 Late 2023"]
[White "Defend, Balint"]
[Black "Ruiz Castillo, Joshua Daniel"]
[WhiteFideId "17004853"]
[BlackFideId "4400704"]
[WhiteElo "1673"]
[BlackElo "2459"]
[Result "1-0"]
[Round "10"]
[TimeControl "180+2"]
[Date "2023.01.10"]
[WhiteClock "0:01:12"]
[BlackClock "0:01:27"]

1. e4 c6 2. d4 d5 3. e5 Bf5 4. h4 h5 5. Bd3 Bxd3 6. Qxd3 e6 7. Bg5 Qa5+ 8. Nd2 Ne7 9. Bxe7 Bxe7 10. Nf3 c5 11. dxc5 Nd7 12. O-O Nxc5 13. Qe3 Qb4 14. Nd4 Bxh4 15. a3 Qb6 16. b4 Nd7 17. c4 Bg5 18. Qxg5 Qxd4 19. cxd5 Qxe5 20. Qxe5 Nxe5 21. dxe6 f6 22. Rac1 Rd8 23. Ne4 Nc6 24. Nc5 b6 25. Na6 Nd4 26. Rfe1 Ke7 27. Rc7+ Kd6 28. e7 Rde8 29. Rxa7 Nf5 30. Rb7 Rxe7 31. Rxb6+ Kd5 32. Rb5+ Kc6 33. Rc5+ Kb6 34. Rxe7 Nxe7 35. Nc7 Rd8 36. a4 Rd1+ 37. Kh2 Nc6 38. Nd5+ Kb7 39. a5 Rd4 40. a6+ Ka7 41. b5 Na5 42. Rc7+ Ka8 43. b6 Rxd5 44. Rc8# 1-0


[Site "https://www.chess.com"]

[Event "Titled Tuesday Blitz January 10 Late 2023"]
[White "Jimenez Almeida, Luis David"]
[Black "Wieczorek, Oskar"]
[WhiteFideId "22242244"]
[BlackFideId "1133950"]
[WhiteElo "2242"]
[BlackElo "2512"]
[Result "0-1"]
[Round "10"]
[TimeControl "180+2"]
[Date "2023.01.10"]
[WhiteClock "0:00:19"]
[BlackClock "0:00:56"]

1. e4 c5 2. Ne2 d6 3. d4 cxd4 4. Nxd4 Nf6 5. Nc3 e6 6. g4 e5 7. Nf5 h5 8. g5 Nxe4 9. Nxg7+ Bxg7 10. Nxe4 d5 11. Nc3 Be6 12. Bg2 e4 13. Ne2 Nc6 14. c3 h4 15. h3 Ne5 16. Nf4 Qxg5 17. Bxe4 dxe4 18. Nxe6 Qg2 19. Nxg7+ Ke7 20. Nf5+ Kf6 21. Qd6+ Kxf5 22. Rf1 Rad8 23. Qe7 Nf3+ 24. Ke2 Qxf1+ 25. Kxf1 Rd1+ 26. Ke2 Re1# 0-1


[Site "https://www.chess.com"]

[Event "Titled Tuesday Blitz January 10 Late 2023"]
[White "Bazeev, German"]
[Black "Martinez Reyes, Pedro Ramon"]
[WhiteFideId "24119350"]
[BlackFideId "3901807"]
[WhiteElo "2369"]
[BlackElo "2376"]
[Result "0-1"]
[Round "10"]
[TimeControl "180+2"]
[Date "2023.01.10"]
[WhiteClock "0:02:27"]
[BlackClock "0:00:56"]

1. d4 Nf6 2. Nf3 c5 3. d5 d6 4. c4 b5 5. Qc2 g6 6. h3 Bg7 7. e4 bxc4 8. Bxc4 O-O 9. O-O Nfd7 10. Re1 Nb6 11. Bf1 Ba6 12. Bxa6 Nxa6 13. a3 c4 14. Be3 Rc8 15. Nc3 Nc5 16. Bxc5 Rxc5 17. Rad1 Qc7 18. Nd4 Bxd4 19. Rxd4 Rb8 20. Qd2 Nd7 21. Qh6 Rxb2 22. e5 dxe5 23. Rh4 Nf8 24. Ne4 Rxd5 25. Ng5 Qb6 26. Rf1 Rd1 27. Nxh7 Qxf2+ 0-1


[Site "https://www.chess.com"]

[Event "Titled Tuesday Blitz January 10 Late 2023"]
[White "Kuznecovs, Nikita"]
[Black "Rostomyan, Mikayel"]
[WhiteFideId "11604557"]
[BlackFideId "13313754"]
[WhiteElo "2287"]
[BlackElo "2222"]
[Result "0-1"]
[Round "10"]
[TimeControl "180+2"]
[Date "2023.01.10"]
[WhiteClock "0:00:56"]
[BlackClock "0:00:44"]

1. Nf3 d5 2. g3 Nd7 3. d4 Nb6 4. Bg2 Nf6 5. O-O c6 6. b3 g6 7. Bb2 Bg7 8. Nbd2 O-O 9. c4 Bf5 10. Nh4 Be6 11. Qc2 a5 12. a4 Qd7 13. c5 Nc8 14. Ndf3 Ne4 15. Ne5 Bxe5 16. dxe5 Bh3 17. Bxe4 Bxf1 18. Bxg6 fxg6 19. Nxg6 Qf5 20. Qxf5 Rxf5 21. Nh4 Bh3 22. f3 Rh5 23. g4 Rxh4 24. Kf2 Bxg4 25. Kg3 Rh3+ 26. Kxg4 Rxh2 27. e6 Rxe2 0-1


[Site "https://www.chess.com"]

[Event "Titled Tuesday Blitz January 10 Late 2023"]
[White "Sanal, Vahap"]
[Black "Malka, Samuel"]
[WhiteFideId "6300545"]
[BlackFideId "20643675"]
[WhiteElo "2600"]
[BlackElo "2165"]
[Result "1-0"]
[Round "10"]
[TimeControl "180+2"]
[Date "2023.01.10"]
[WhiteClock "0:02:03"]
[BlackClock "0:00:16"]

1. e4 e5 2. Nf3 Nc6 3. Nc3 Nf6 4. a3 g6 5. d4 Nxd4 6. Nxd4 exd4 7. Qxd4 Bg7 8. e5 Ng8 9. Bc4 Ne7 10. Bg5 h6 11. Bf6 Bxf6 12. exf6 Nf5 13. Qe5+ Kf8 14. O-O-O d6 15. g4 Nh4 16. Rhe1 Bxg4 17. Qe7+ Qxe7 18. Rxe7 Bxd1 19. Rxf7+ Ke8 20. Nb5 d5 21. Bxd5 c6 22. Nd6+ Kd8 23. Be6 1-0


[Site "https://www.chess.com"]

[Event "Titled Tuesday Blitz January 10 Late 2023"]
[White "Haydon, David L"]
[Black "Kuznetsov, Felix"]
[WhiteFideId "415405"]
[BlackFideId "34147990"]
[WhiteElo "2253"]
[BlackElo "2254"]
[Result "1-0"]
[Round "10"]
[TimeControl "180+2"]
[Date "2023.01.10"]
[WhiteClock "0:01:20"]
[BlackClock "0:00:14"]

1. Nf3 Nf6 2. e3 b6 3. b3 Bb7 4. Bb2 e6 5. Be2 Be7 6. O-O O-O 7. c4 c5 8. Nc3 d6 9. d4 cxd4 10. Nxd4 Nbd7 11. Qd2 a6 12. Rfd1 Qc7 13. Rac1 Rac8 14. h3 Qb8 15. Bf3 Rfd8 16. Qe2 Ne5 17. Bxb7 Qxb7 18. Ba3 Rd7 19. f4 Nc6 20. Nf3 d5 21. Bxe7 Nxe7 22. cxd5 Nexd5 23. Nxd5 Rxd5 24. Rxc8+ Qxc8 25. Rxd5 Nxd5 26. Kf2 h6 27. g3 Qc5 28. Ne5 Qc1 29. e4 Qc5+ 30. Kf3 Nc3 31. Qd3 f6 32. Ng6 Qh5+ 33. Kf2 Nd1+ 34. Ke1 Qxg6 35. Kxd1 Qh5+ 36. g4 Qa5 37. a4 Qb4 38. f5 exf5 39. exf5 Kh7 40. Ke2 a5 41. Kf3 Qe1 42. Kg2 Qe5 43. Kf3 Qb2 44. Ke4 Qg2+ 45. Kd4 Qf2+ 46. Kd5 Qc5+ 47. Ke6 Qc6+ 48. Ke7 Qc5+ 49. Kf7 Qc7+ 50. Ke6 Qc6+ 51. Ke7 Qc5+ 52. Qd6 Qe3+ 53. Qe6 Qxb3 54. Qxb3 1-0


[Site "https://www.chess.com"]

[Event "Titled Tuesday Blitz January 10 Late 2023"]
[White "Jaferian, Koosha"]
[Black "Jaracz, Pawel"]
[WhiteFideId "12507440"]
[BlackFideId "1102222"]
[WhiteElo "2233"]
[BlackElo "2467"]
[Result "0-1"]
[Round "10"]
[TimeControl "180+2"]
[Date "2023.01.10"]
[WhiteClock "0:00:15"]
[BlackClock "0:01:09"]

1. e4 e5 2. Nf3 Nc6 3. d4 exd4 4. Nxd4 Bb4+ 5. c3 Bc5 6. Be3 Bb6 7. Nf5 g6 8. Bxb6 axb6 9. Ne3 Nf6 10. f3 O-O 11. c4 d6 12. Nc3 Be6 13. Be2 Nh5 14. O-O Nf4 15. Ned5 Bxd5 16. cxd5 Ne5 17. g3 Nxe2+ 18. Qxe2 Nd7 19. Rfc1 c6 20. Rd1 Qe7 21. dxc6 bxc6 22. Qd2 Ne5 23. Kg2 Rad8 24. Qf2 f5 25. exf5 Rxf5 26. Re1 Qf8 27. f4 Nd3 28. Qxb6 Nxe1+ 29. Rxe1 Rc5 30. Qb3+ d5 31. Qb7 Rb8 32. Qd7 Rxb2+ 33. Kh3 Rb8 34. Ne2 Qc8 35. Qxc8+ Rxc8 36. Nd4 Ra8 37. Re7 Rc4 38. Ne6 Re4 39. Rg7+ Kh8 40. Re7 d4 41. Kg4 h6 42. h4 d3 43. h5 d2 44. hxg6 d1=Q+ 45. Kh3 Qh5+ 0-1


[Site "https://www.chess.com"]

[Event "Titled Tuesday Blitz January 10 Late 2023"]
[White "Makridis, Dimitrios"]
[Black "Tologon tegin, Semetei"]
[WhiteFideId "25864475"]
[BlackFideId "13800574"]
[WhiteElo "2356"]
[BlackElo "2372"]
[Result "1-0"]
[Round "10"]
[TimeControl "180+2"]
[Date "2023.01.10"]
[WhiteClock "0:02:19"]
[BlackClock "0:01:07"]

1. e4 c6 2. d4 d5 3. exd5 cxd5 4. Bd3 Nf6 5. h3 Nc6 6. c3 g6 7. Nf3 Bf5 8. Ne5 Bg7 9. Bxf5 gxf5 10. Nd3 e6 11. Bf4 O-O 12. O-O Ne4 13. Nd2 Rc8 14. f3 Nxd2 15. Qxd2 Kh8 16. g4 Rg8 17. Kh2 fxg4 18. fxg4 Qe7 19. Rae1 Rcf8 20. Bg5 f6 21. Bh4 b6 22. Nf4 Bh6 23. Bg3 Qd7 24. Qg2 Re8 25. Nh5 f5 26. Nf6 Qf7 27. Nxe8 Qxe8 28. Rxf5 exf5 29. Rxe8 Rxe8 30. Qxd5 Re2+ 31. Kh1 f4 32. Qxc6 fxg3 33. Qxh6 1-0


[Site "https://www.chess.com"]

[Event "Titled Tuesday Blitz January 10 Late 2023"]
[White "Sourath Biswas"]
[Black "Timmermans, Mark"]
[WhiteFideId "35091484"]
[BlackFideId "1026399"]
[WhiteElo "2281"]
[BlackElo "2392"]
[Result "1-0"]
[Round "10"]
[TimeControl "180+2"]
[Date "2023.01.10"]
[WhiteClock "0:00:07"]
[BlackClock "0:00:50"]

1. d4 Nf6 2. Bf4 e6 3. e3 d5 4. Nf3 Bd6 5. c3 O-O 6. Nbd2 c5 7. Ne5 Nc6 8. Bd3 Qe7 9. h4 cxd4 10. exd4 Nd7 11. Qh5 f5 12. Ndf3 Bxe5 13. Bxe5 Ndxe5 14. dxe5 Bd7 15. Qg5 Qxg5 16. hxg5 g6 17. Rh4 Rf7 18. Kd2 a6 19. a4 Kg7 20. Rah1 Kg8 21. Rf4 Rd8 22. Kc2 d4 23. cxd4 Nb4+ 24. Kd2 Nd5 25. Rfh4 Bxa4 26. Rc1 Rff8 27. Bc4 Bc6 28. Bxd5 Bxd5 29. Ne1 Rc8 30. f3 Rxc1 31. Kxc1 Rc8+ 32. Kd2 a5 33. Nd3 b6 34. Nf4 Rd8 35. Rh1 a4 36. Rc1 b5 37. Rc5 Bc4 38. Kc3 Rd7 39. Rc8+ Kf7 40. Rc6 Rb7 41. Kb4 Rd7 42. Kc5 Ra7 43. Kb6 Rd7 44. Kc5 Ke7 45. Ra6 Bf1 46. g3 b4 47. Rxe6+ Kd8 48. Rb6 b3 49. Rb8+ Kc7 50. Ra8 Kb7 51. Rxa4 Rc7+ 52. Kd6 Rc6+ 53. Kd7 Bb5 54. Rb4 Kb6 55. Rxb5+ Kxb5 56. d5 Rc2 57. e6 Rxb2 58. e7 Ra2 59. e8=Q Ra7+ 60. Kd6+ Kb6 61. Qb8+ Rb7 62. Qd8+ Ka6 63. Nd3 1-0


[Site "https://www.chess.com"]

[Event "Titled Tuesday Blitz January 10 Late 2023"]
[White "Domingo Nunez, Alejandro"]
[Black "Martins, Bruno Andre Leite"]
[WhiteFideId "22245561"]
[BlackFideId "1942255"]
[WhiteElo "2338"]
[BlackElo "2348"]
[Result "0-1"]
[Round "10"]
[TimeControl "180+2"]
[Date "2023.01.10"]
[WhiteClock "0:01:25"]
[BlackClock "0:01:52"]

1. Nf3 d5 2. g3 c5 3. Bg2 Nc6 4. d4 e6 5. O-O Nf6 6. c4 dxc4 7. Qa4 Bd7 8. Qxc4 b5 9. Qc3 b4 10. Qd3 cxd4 11. Nxd4 Nxd4 12. Bxa8 Bb5 13. Qxb5+ Nxb5 14. Bc6+ Ke7 15. Bxb5 h5 16. h4 Qb6 17. Bd3 Ke8 18. Be3 Qb7 19. Nd2 Ng4 20. Be4 Qb8 21. Bc6+ Kd8 22. Rfd1 Nxe3 23. fxe3 Qxg3+ 24. Bg2 Qxe3+ 25. Kh1 Ke7 26. Nc4 Qf4 27. Na5 Qxh4+ 28. Kg1 f5 29. Nc6+ Kf6 30. Rd4 Bc5 0-1


[Site "https://www.chess.com"]

[Event "Titled Tuesday Blitz January 10 Late 2023"]
[White "Bjelobrk, Igor"]
[Black "Goryachkina, Aleksandra"]
[WhiteFideId "4300726"]
[BlackFideId "4147103"]
[WhiteElo "2403"]
[BlackElo "2571"]
[Result "1-0"]
[Round "10"]
[TimeControl "180+2"]
[Date "2023.01.10"]
[WhiteClock "0:00:02"]
[BlackClock "0:00:02"]

1. Nf3 d5 2. c4 e6 3. g3 Nf6 4. Bg2 Be7 5. O-O O-O 6. b3 c5 7. cxd5 Nxd5 8. Bb2 Nc6 9. d4 Bd7 10. Na3 cxd4 11. Nxd4 Nxd4 12. Qxd4 Bf6 13. Qd2 Bc6 14. Nc4 Bxb2 15. Qxb2 Nb4 16. Rfd1 Qe7 17. Ne5 Bxg2 18. Rd7 Qc5 19. Rc1 Qb6 20. Kxg2 Nd5 21. Qa3 Rad8 22. Kg1 f6 23. Nc4 Qc6 24. Rxd8 Rxd8 25. Qxa7 b5 26. Qa5 Rc8 27. e4 Ne7 28. Qa7 Ng6 29. Rd1 bxc4 30. Rd7 Nf8 31. Rxg7+ Kh8 32. Qf7 1-0


[Site "https://www.chess.com"]

[Event "Titled Tuesday Blitz January 10 Late 2023"]
[White "Andreev, Eduard"]
[Black "Domingo Nunez, Ruben"]
[WhiteFideId "14103400"]
[BlackFideId "22245570"]
[WhiteElo "2413"]
[BlackElo "2416"]
[Result "0-1"]
[Round "10"]
[TimeControl "180+2"]
[Date "2023.01.10"]
[WhiteClock "0:00:02"]
[BlackClock "0:00:44"]

1. e4 g6 2. d4 Bg7 3. Nc3 c6 4. f4 d5 5. e5 f6 6. Nf3 Nh6 7. Be3 O-O 8. Qd2 Bg4 9. Be2 Nf5 10. Bf2 Bxf3 11. Bxf3 fxe5 12. dxe5 e6 13. O-O-O Nd7 14. Kb1 Qe7 15. h4 Bh6 16. h5 g5 17. g4 Ng7 18. Ne2 Nxe5 19. fxe5 Rxf3 20. Be3 Raf8 21. Bxa7 Ne8 22. Nc1 Nc7 23. Nd3 Nb5 24. Bc5 Qg7 25. Bxf8 Qxf8 26. Qg2 Nd4 27. Rhf1 Rxf1 28. Rxf1 Qe7 29. Qf2 Nb5 30. Qf6 Bf8 31. a4 Nd4 32. Qf2 c5 33. Nc1 Nc6 34. Nd3 b6 35. Qe3 Bg7 36. h6 Bxh6 37. b4 Bf8 38. bxc5 bxc5 39. Nb2 c4 40. Qc3 Qb7 41. Re1 Bb4 42. Qg3 Bxe1 43. Qxe1 d4 44. Kc1 c3 45. Nd3 Nb4 46. Qe2 Na2+ 47. Kd1 Qb1+ 48. Nc1 Qxc1# 0-1


[Site "https://www.chess.com"]

[Event "Titled Tuesday Blitz January 10 Late 2023"]
[White "Karttunen, Mika"]
[Black "Mikhailov, Viacheslav"]
[WhiteFideId "502081"]
[BlackFideId "4187369"]
[WhiteElo "2490"]
[BlackElo "2428"]
[Result "0-1"]
[Round "10"]
[TimeControl "180+2"]
[Date "2023.01.10"]
[WhiteClock "0:00:03"]
[BlackClock "0:00:11"]

1. d4 c5 2. d5 e5 3. e4 d6 4. Nf3 a6 5. a4 Be7 6. h3 f5 7. Nc3 Nf6 8. Bc4 Nxe4 9. Nxe4 fxe4 10. Nd2 Bf5 11. h4 e3 12. Nf3 exf2+ 13. Kxf2 O-O 14. Kg3 h6 15. Be3 Nd7 16. h5 Nf6 17. Qe1 Qe8 18. Kh2 Qxh5+ 19. Kg1 Qf7 20. Ra3 Ng4 21. Bc1 e4 22. Nh4 Bh7 23. Rg3 h5 24. Be2 e3 25. Bxg4 Qf2+ 26. Qxf2 exf2+ 27. Kf1 hxg4 28. Rxg4 Bxc2 29. Nf3 Bf5 30. Rg3 Bf6 31. Kxf2 Rae8 32. Bg5 Be4 33. Bxf6 Rxf6 34. Rh5 Re7 35. Rhg5 b5 36. R3g4 bxa4 37. Rh4 Bxf3 38. gxf3 Rb7 39. Rgh5 Rxb2+ 40. Kg3 Rb3 41. Rh8+ Kf7 42. Ra8 Rbxf3+ 43. Kg2 R3f4 44. Rhh8 Rg6+ 45. Kh3 Rh6+ 46. Rxh6 gxh6 47. Rxa6 Ke7 48. Ra7+ Kf6 49. Rh7 Ke5 50. Rxh6 Kxd5 0-1


[Site "https://www.chess.com"]